 Dungeon Crawl Stone Soup version 0.31-a0-986-g5e6e4ef867 (webtiles) character file.

Game seed: 10123704113491894316

25 Jeffwins the Ruffian (level 3, 0/11 HPs)
             Began as a Vine Stalker Shapeshifter on Nov 13, 2023.
             Slain by Terence
             ... wielding a +0 short sword
              (3 damage)
             ... on level 2 of the Dungeon.
             The game lasted 00:00:57 (935 turns).

Jeffwins the Ruffian (Vine Stalker Shapeshifter)     Turns: 935, Time: 00:00:58

Health: 0/11       AC:  2    Str: 16    XL:     3   Next: 6%
Magic:  0/4        EV: 12    Int: 12    God:
Gold:   63         SH:  0    Dex: 13    Spells: 2/2 levels left

rFire   . .          .
                       - Unarmed
rCold   . . .        (shield currently unavailable)
rNeg    . . .        a - +0 animal skin
rPois   .            (no helmet)
rElec   .            (no cloak)
rCorr   .            (no gloves)
SInv    .            (no boots)
Will    .....        (no amulet)
Stlth   +            (no ring)
HPRegen 1.01/turn    (no ring)
MPRegen 0.09/turn

%: guardian spirit
@: flux-form, glowing
A: glow, contaminating, reduced hp, fangs 2, regeneration 1, magic shield,
antimagic bite, no potion heal 2
a: Begin Untransformation


You were on level 2 of the Dungeon.
You were something dangerously unstable.
You visited 1 branch of the dungeon, and saw 2 of its levels.

You collected 63 gold pieces.


Innate Abilities, Weirdness & Mutations

You are something dangerously unstable.
You glow with magical radiation, making you easy to see and hit.
Foes you strike become dangerously contaminated with magical radiation.
Your maximum health is decreased, since you lack skill for your form.
You are incapable of wielding weapons or throwing items.
You have extremely sharp teeth.
Your natural rate of healing is unusually fast.
When hurt, damage is shared between your health and your magic reserves.
Your bite disrupts and absorbs the magic of your enemies.
Potions cannot restore your health.


   Skills:
 + Level 1.3 Fighting
 + Level 1.8 Dodging
 + Level 1.0 Stealth
 * Level 3.3 Unarmed Combat
 * Level 3.2 Shapeshifting


You had 2 spell levels left.
You didn't know any spells.
Your spell library was empty.

Inventory:

Missiles
 f - 2 poisoned darts
Armour
 a - a +0 animal skin (worn)
Jewellery
 g - an amulet of regeneration
Talismans
 c - a beast talisman
 d - a flux talisman (active)
Scrolls
 e - 3 scrolls of identify {unknown}
 i - a scroll of revelation {unknown}
 k - 2 scrolls of noise {unknown}
Potions
 b - 2 potions of lignification {!q}
 h - 3 potions of enlightenment {unknown}
 j - a potion of curing {unknown}

Dungeon Overview and Level Annotations

Branches:
Dungeon (2/15)

Altars:

Annotations:
D:2 Terence

.# .# # .# #.
.# #.###.###
#.....$.#
#.#.......#
#.....p...#
#<...r@...#
............#
............#
............#
........B...#
#.####......#
#...####


You could see Terence (heavy contam), a giant cockroach and a rat.


Message History

Found 12 gold pieces.
Found an escape hatch in the ceiling.
There is a stone staircase leading up here.
There are monsters nearby!
There are monsters nearby!
There is a stone staircase leading up here.
You climb upwards.
There is a stone staircase leading down here.
Your transformation has ended.
You turn into something dangerously unstable.
HP restored.
Unknown command.
You climb downwards.
Level annotation: Terence Terence hits you with a +0 short sword.
The rat closely misses you. Terence misses you.
There is a stone staircase leading up here.
Unknown command.
You barely miss Terence. You bite Terence, but do no damage.
A giant cockroach comes into view.
The rat bites you. Terence closely misses you.
Unknown command.
You hit Terence but do no damage.
Terence begins to glow.
The rat closely misses you. Terence hits you with a +0 short sword.
* * * LOW HITPOINT WARNING * * *
Unknown command.
You hit Terence but do no damage.
Terence glows dangerously bright.
The rat bites you.
* * * LOW HITPOINT WARNING * * *
Terence hits you with a +0 short sword.
You die...

Skill      XL: |  1  2 |
---------------+-------+-----
Fighting       | 1 |  1.3
Stealth        | 1 |  1.0
Dodging        | |  1.8
Unarmed Combat | |  3.3
Shapeshifting  | |  3.2

Action                     || total
---------------------------++-------
  Melee: Unarmed           ||    55
         Bite              ||    13
         Punch             ||     2
   Stab: Sleeping          ||     3
 Armour: Animal skin       ||    26
  Dodge: Dodged            ||    31
   Form: Flux              ||     1

Levels and vault maps discovered:
D:1:      evilmike_arrival_crescent, layout_basic,
          hellmonk_ecumenical_altar_pennies_from_heaven, minmay_pentomino_u4
D:2:      layout_rooms, uniq_robin, uniq_terence, uniq_jessica

Notes
Turn   | Place    | Note
-------+----------+-------------------------------------------
     0 | D:1      | Jeffwins the Vine Stalker Shapeshifter began the quest for
                  | the Orb.
     0 | D:1      | Reached XP level 1. HP: 9/9 MP: 2/2
   104 | D:1      | Reached skill level 1 in Fighting
   146 | D:1      | Reached XP level 2. HP: 14/14 MP: 3/3
   176 | D:1      | Found a faded altar of an unknown god.
   609 | D:1      | Reached skill level 1 in Stealth
   609 | D:1      | Reached XP level 3. HP: 18/18 MP: 4/4
   921 | D:2      | Identified the "Exolewn"
   921 | D:2      | Noticed Terence
   935 | D:2      | Slain by Terence

Vanquished Creatures
  A dart slug (D:1)
  A ball python (D:1)
  2 endoplasms (D:1)
  A giant cockroach (D:1)
  3 goblins (D:1)
  2 hobgoblins (D:1)
  6 kobolds (D:1)
  A quokka (D:1)
  A bat (D:1)
  A frilled lizard (D:1)
  3 rats (D:1)
22 creatures vanquished.

Table legend: (Time is in decaauts)
 A = Elapsed time spent in this place.
 B = Non-inter-level travel time spent in this place.
 C = Inter-level travel time spent in this place.
 D = Time resting spent in this place.
 E = Time spent auto-exploring this place.
 F = Levels seen in this place.
 G = Mean time per level.
                   A        B        C        D        E       F      G
               +--------+--------+--------+--------+--------+-----+--------+
         Total |    936 |    912 |     24 |      0 |    747 |   2 |  468.0 |
       Dungeon |    936 |    912 |     24 |      0 |    747 |   2 |  468.0 |
               +--------+--------+--------+--------+--------+-----+--------+

Top non-repeatable levels by time:
     D:1: 929 daAuts
     D:2: 7 daAuts

Table legend:
 A = Non-vault XP
 B = Vault XP
 C = Vault XP percentage of total XP
 D = Non-vault monster count
 E = Vault monster count
 F = Vault count percentage of total count
                 A         B        C        D         E       F
            +---------+---------+-------+---------+---------+-------
      Total |      35 |       2 |   5.4 |      20 |       2 |   9.1
            +---------+---------+-------+---------+---------+-------
        D:1 |      35 |       2 |   5.4 |      20 |       2 |   9.1
            +---------+---------+-------+---------+---------+-------
